 Dungeon Crawl Stone Soup version 0.20.1-1-g8b1a95d (webtiles) character file.

74 OneorTwo the Ruffian (level 4, 0/44 HPs)
             Began as a Troll Fighter on July 26, 2017.
             Slain by a sky beast (2 damage)
             ... on level 3 of the Dungeon.
             The game lasted 00:10:40 (1933 turns).

OneorTwo the Ruffian (Troll Fighter)                Turns: 1933, Time: 00:10:40

Health: 0/44       AC:  5    Str: 29    XL:     4   Next: 10%
Magic:  3/3        EV:  8    Int:  4    God:
Gold:   117        SH:  9    Dex: 10    Spells: 3/3 levels left

rFire    . . .     SeeInvis .     - Unarmed
rCold    . . .     Gourm    +   b - +0 shield
rNeg     . . .     Faith    .   g - +0 robe
rPois    .         Spirit   .   (helmet restricted)
rElec    .         Reflect  .   (no cloak)
rCorr    .         Harm     .   (gloves unavailable)
MR       .....                  (boots unavailable)
Stlth    +.........             (no amulet)
Regen    0.6/turn               (no ring)
MPRegen  0.1/turn               (no ring)

@: mighty, flying
A: unfitting armour, claws 3, fast metabolism 3, gourmand, regeneration 1,
shaggy fur 1, tough skin 2
a: no special abilities


You were on level 3 of the Dungeon.
You were very full.

You visited 1 branch of the dungeon, and saw 3 of its levels.

You collected 117 gold pieces.

Inventory:

Hand Weapons
 j - a +3 dagger
 u - a +0 dagger
Missiles
 i - 13 tomahawks (quivered)
 m - 6 silver javelins
 q - 59 stones
Armour
 b - a +0 shield (worn)
 g - a +0 robe (worn)
Scrolls
 f - 2 scrolls of identify {unknown}
 h - a scroll of amnesia {unknown}
 l - a scroll of random uselessness {unknown}
 n - a scroll of remove curse {unknown}
 o - 2 scrolls of fear {unknown}
 r - a scroll of teleportation {unknown}
 s - a scroll of enchant armour {unknown}
Potions
 e - a potion of flight
 v - a potion of resistance {unknown}
Comestibles
 a - a meat ration
 d - 3 bread rations
 p - a royal jelly
 t - 4 chunks of flesh


   Skills:
 + Level 2.6 Fighting
 + Level 2.9 Dodging
 + Level 2.9 Shields
 + Level 3.1 Unarmed Combat


You had 3 spell levels left.
You didn't know any spells.

Dungeon Overview and Level Annotations

Branches:
Dungeon (3/15)

Altars:
Gozag


Innate Abilities, Weirdness & Mutations

You are too large for most types of armour.
You have claws for hands.
Your metabolism is lightning-fast.
You like to eat raw meat.
Your natural rate of healing is unusually fast.
You are covered in fur. (AC +1)
You have very tough skin. (AC +2)


Message History

The sky beast hits you but does no damage.
Quiver which item? (- for none, * to show all) (? for menu, Esc to quit)
Okay, then.
It was a potion of curing.
You feel better. The adder barely misses you.
The sky beast hits you but does no damage.
A quokka comes into view.
Your shield prevents you from hitting the quokka.
You block the adder's attack. You block the quokka's attack.
You claw the quokka!
You kill the quokka!
The adder bites you but does no damage.
The sky beast flickers out of sight!
Deactivating autopickup; reactivate with Ctrl-A.
Something hits you.
* * * LOW HITPOINT WARNING * * *
Something shocks you.
* * * LOW HITPOINT WARNING * * *
The adder bites you.
* * * LOW HITPOINT WARNING * * *
You miss something. Something hits you.
You die...

#...............## .
#.....##.........##.#
#...................#
#..).##.........#.Y..
#.<..##...........#
#######..###.....##
##.#(#..##..#
#.###.†.#..####.
#.....#@{o......
##..####S....... #..#
.?..##... #...#
##..... # #...
..#.### #. #...#
#.#.. .<####


You could see an adder and an orc.

Vanquished Creatures
  A gnoll (D:1)
  An ooze (D:1)
  2 worms
  A dart slug (D:1)
  An orc (D:3)
  3 giant cockroaches
  7 goblins
  4 hobgoblins
  8 jackals (D:1)
  A quokka (D:3)
  4 frilled lizards
  9 kobolds
  8 rats
  A fungus (D:1)
51 creatures vanquished.

Notes
Turn   | Place    | Note
-------+----------+-------------------------------------------
     0 | D:1      | OneorTwo the Troll Fighter began the quest for the Orb.
     0 | D:1      | Reached XP level 1. HP: 22/22 MP: 0/0
   303 | D:1      | Reached XP level 2. HP: 29/29 MP: 1/1
   523 | D:1      | Reached XP level 3. HP: 34/36 MP: 2/2
  1277 | D:2      | Found an opulent altar of Gozag.
  1624 | D:2      | Reached skill level 3 in Unarmed Combat
  1893 | D:3      | Reached XP level 4. HP: 36/44 MP: 3/3
  1916 | D:3      | Noticed a sky beast
  1932 | D:3      | HP: 2/44 [adder (2)]
  1933 | D:3      | Slain by a sky beast

Skill      XL: |  1  2  3 |
---------------+----------+-----
Unarmed Combat | 3 |  3.1
Fighting       | |  2.6
Dodging        | |  2.9
Shields        | |  2.9

Action                   |  1- 3 |  4- 6 || total
-------------------------+-------+-------++-------
Melee: Unarmed           |   138 |    12 ||   150
Throw: Tomahawk          |     1 |       ||     1
  Use: Potion            |       |     3 ||     3
 Stab: Sleeping          |     1 |       ||     1
  Eat: Chunk             |    22 |       ||    22
Armor: Robe              |    32 |     8 ||    40
Dodge: Dodged            |    28 |     3 ||    31
Block: Shield            |    41 |     9 ||    50
